Map: [ESL] Oceanborn

Players

Spirit

  • Race: Terran Terran
  • Spawn Location: 5:00

Clem - Winner!

  • Race: Terran Terran
  • Spawn Location: 11:00

Event: ESL SC2 Masters 2023 Winter (Regional)

VOD

Have the link to the VOD?

Description

Time

  • Played on: Nov. 12, 2023, 10:30 a.m.
  • Length: 11:19

All games in this series

Show
View Real Time Build Order
Export as new Build Order

Spirit Terran 

Build Orders: Cyclone Opening 

Get SALT Encoding   

  12  0:00  SCV  
  13  0:12  SCV  
  14  0:16  Supply Depot  
  14  0:24  SCV  
  15  0:38  SCV  
  15  0:39  Barracks  
  16  0:43  Refinery  
  16  0:50  SCV  
  16  0:52  Refinery  
  17  1:02  SCV  
  18  1:14  SCV  
  19  1:26  Reaper  
  19  1:27  Orbital Command  
  19  1:31  Supply Depot  
  20  1:41  Factory  
  20  1:52  SCV  
  21  1:58  Reaper  
  22  2:04  SCV  
  23  2:15  Command Center  
  23  2:18  SCV  
  24  2:26  Hellion  
  26  2:30  SCV  
  26  2:31  Barracks Reactor  
  27  2:39  Supply Depot  
  27  2:42  SCV  
  28  2:47  Cyclone  
  30  2:53  Starport  
  30  2:54  SCV  
  31  3:07  Marine x2, SCV  
  34  3:15  Refinery  
  34  3:19  Cyclone, SCV  
  37  3:28  Orbital Command  
  37  3:31  SCV  
  37  3:32  Marine  
  37  3:33  Starport Tech Lab  
  39  3:38  Marine  
  37  3:43  SCV  
  36  3:50  Marine  
  36  3:51  Raven, Factory Tech Lab  
  36  3:54  SCV  
  36  3:55  SCV  
  41  4:06  SCV  
  41  4:07  SCV  
  43  4:11  Interference Matrix  
  43  4:12  Barracks, Marine  
  44  4:18  SCV  
  44  4:19  SCV  
  44  4:21  Supply Depot  
  46  4:28  Siege Tank  
  46  4:29  Marine  
  46  4:30  SCV  
  48  4:31  SCV  
  48  4:34  Marine  
  43  4:40  Raven  
  43  4:44  SCV x2  
  47  4:47  Marine  
  47  4:52  Marine  
  49  4:56  SCV x2  
  51  5:00  Siege Tank  
  51  5:05  Supply Depot  
  54  5:08  SCV x2, Marine  
  54  5:10  Marine  
  58  5:18  Stimpack, Marine  
  58  5:20  Starport Reactor, SCV x2  
  61  5:25  Marine  
  61  5:27  Marine  
  61  5:32  SCV x2  
  62  5:36  Supply Depot x2  
  62  5:37  Marine  
  63  5:43  Marine  
  63  5:44  Siege Tank, SCV x2  
  63  5:45  Marine  
  70  5:57  Bunker, Marine  
  70  5:58  SCV x2  
  70  6:00  Medivac  
  70  6:01  Marine  
  70  6:02  Medivac  
  78  6:10  SCV  
  79  6:15  Marine  
  79  6:16  Siege Tank, SCV  
  79  6:18  Marine  
  84  6:21  Marine  
  84  6:22  Supply Depot  
  84  6:25  Supply Depot  
  85  6:33  Marine  
  85  6:39  Marine  
  86  6:43  Barracks  
  86  6:44  Marine, Engineering Bay  
  86  6:45  SCV, Engineering Bay  
  86  6:46  Refinery  
  88  6:50  Starport Reactor, Marine  
  88  6:52  Siege Tank  
  92  6:57  Combat Shield, Marine  
  94  7:01  Supply Depot  
  94  7:02  Supply Depot, Marine  
  94  7:09  Command Center  
  94  7:12  Terran Infantry Weapons Level 1  
  94  7:13  Marine  
  94  7:15  Terran Infantry Armor Level 1  
  94  7:16  Marine  
  94  7:18  SCV  
  94  7:19  Marine  
  97  7:24  Siege Tank, SCV  
  101  7:31  Medivac, Marine  
  101  7:32  Supply Depot  
  101  7:33  Marine  
  101  7:34  Marine x2  
  101  7:37  Medivac  
  109  7:40  Marine  
  109  7:41  Supply Depot  
  110  7:49  SCV, Marine  
  110  7:50  SCV  
  110  7:51  Marine x2  
  113  7:52  Marine  
  113  7:58  Marine  
  117  8:01  SCV  
  116  8:07  Marine  
  116  8:09  Medivac, Marine x2  
  116  8:10  Marine  
  122  8:16  Siege Tank, Marine  
  126  8:20  Barracks  
  126  8:21  SCV  
  126  8:22  Barracks  
  126  8:25  Marine  
  126  8:27  Marine x3  
  118  8:39  SCV, Marine  
  106  8:41  SCV  
  106  8:42  Marine  
  106  8:46  Marine x3  
  97  8:48  Siege Tank  
  97  8:50  Medivac  
  97  8:51  SCV  
  97  8:52  SCV  
  95  8:56  Marine  
  95  9:00  Marine  
  94  9:04  Marine x2  
  94  9:05  Orbital Command  
  94  9:07  SCV  
  98  9:12  Barracks Reactor x2  
  98  9:14  Marine  
  98  9:16  Armory  
  98  9:18  Marine  
  98  9:20  Siege Tank, Marine  
  98  9:22  Marine  
  98  9:24  Medivac  
  106  9:28  Marine, Medivac  
  109  9:34  Marine  
  109  9:36  Marine  
  109  9:38  Marine  
  112  9:40  Marine  
  103  9:46  Marine  
  103  9:48  Marine x4  
  103  9:52  Siege Tank, Marine  
  111  9:54  Marine  
  111  9:56  Medivac, Marine  
  111  9:57  Marine  
  106  10:04  Marine  
  106  10:05  Marine  
  106  10:06  Marine x3  
  104  10:10  Marine  
  104  10:12  Marine  
  84  10:13  Marine  
  84  10:15  Marine  
  84  10:22  Marine  
  84  10:23  Marine x3  
  84  10:24  Siege Tank, Marine  
  84  10:28  Marine  
  84  10:29  Marine  
Show
View Real Time Build Order
Export as new Build Order

Clem Terran - Winner!

Build Orders:  

Get SALT Encoding   

  12  0:00  SCV  
  13  0:12  SCV  
  14  0:17  Supply Depot  
  14  0:24  SCV  
  15  0:38  SCV  
  15  0:41  Barracks  
  15  0:42  Refinery  
  16  0:50  SCV  
  16  0:52  Refinery  
  17  1:03  SCV  
  18  1:15  SCV  
  19  1:28  Orbital Command, Reaper  
  19  1:32  Supply Depot  
  20  1:42  Factory  
  20  1:53  SCV  
  21  2:00  Barracks Reactor  
  21  2:05  SCV  
  22  2:17  Command Center  
  22  2:21  SCV  
  23  2:26  Hellion  
  25  2:34  SCV  
  25  2:36  Reaper x2  
  28  2:41  Supply Depot  
  28  2:46  SCV  
  28  2:47  Hellion  
  31  2:55  Starport  
  31  3:02  SCV  
  32  3:08  Marine  
  32  3:09  Cyclone, Marine  
  36  3:15  SCV  
  37  3:23  Refinery  
  37  3:27  SCV  
  37  3:29  Marine x2  
  37  3:32  Orbital Command  
  40  3:39  SCV  
  41  3:44  Cyclone  
  41  3:46  Starport Tech Lab  
  41  3:48  Marine x2  
  36  3:51  SCV  
  39  3:58  SCV  
  40  4:03  SCV  
  40  4:06  Raven, Interference Matrix  
  40  4:07  Supply Depot  
  40  4:09  Marine x2  
  45  4:12  SCV  
  45  4:16  SCV  
  47  4:17  Factory Tech Lab  
  47  4:24  SCV  
  47  4:26  Marine  
  47  4:27  Marine  
  47  4:28  SCV  
  48  4:36  SCV  
  48  4:37  Siege Tank  
  49  4:40  Raven, SCV  
  49  4:44  Marine x2  
  54  4:48  SCV  
  54  4:52  SCV  
  56  4:54  Command Center  
  56  4:57  Supply Depot  
  56  5:00  SCV  
  56  5:04  SCV  
  58  5:09  Siege Tank  
  58  5:12  SCV  
  62  5:19  SCV  
  62  5:20  Supply Depot, Marine  
  64  5:24  Viking x2  
  64  5:26  SCV  
  69  5:31  Stimpack, SCV  
  69  5:35  Refinery  
  70  5:37  Barracks  
  70  5:42  SCV  
  71  5:43  Siege Tank, SCV  
  71  5:46  Supply Depot  
  71  5:49  Barracks  
  75  5:54  Marine, SCV  
  75  5:55  SCV  
  78  6:06  Viking x2, Orbital Command  
  78  6:08  SCV  
  78  6:09  SCV  
  82  6:20  SCV  
  82  6:21  SCV  
  82  6:23  Siege Tank  
  82  6:25  Barracks Reactor  
  87  6:26  Orbital Command, Marine  
  87  6:31  Supply Depot  
  88  6:33  SCV  
  88  6:34  SCV  
  88  6:36  Viking  
  92  6:43  Engineering Bay x2  
  92  6:45  Marauder  
  92  6:46  SCV  
  95  6:47  Barracks Reactor  
  95  6:49  SCV  
  95  6:51  Viking  
  95  6:52  SCV  
  99  6:56  Supply Depot  
  99  6:58  SCV  
  99  7:00  Siege Tank  
  103  7:01  SCV  
  103  7:04  SCV  
  103  7:07  Supply Depot  
  103  7:08  Viking  
  107  7:11  SCV  
  107  7:12  Barracks Reactor  
  107  7:14  SCV  
  109  7:15  Terran Infantry Weapons Level 1  
  109  7:17  Terran Infantry Armor Level 1  
  109  7:18  Marine  
  109  7:19  SCV  
  109  7:21  Viking  
  113  7:23  SCV  
  113  7:24  Supply Depot  
  113  7:26  Marine  
  113  7:27  Marine  
  113  7:29  SCV  
  117  7:31  Refinery x2  
  117  7:36  Sensor Tower, Marine  
  118  7:38  Missile Turret  
  118  7:39  Siege Tank  
  118  7:42  Barracks, SCV  
  118  7:43  SCV  
  123  7:46  Barracks  
  123  7:50  Marine  
  123  7:51  Marine  
  125  7:55  Combat Shield  
  125  7:56  Supply Depot, Marine x2  
  125  7:58  SCV  
  128  7:59  Supply Depot, SCV  
  128  8:00  Medivac  
  128  8:03  Medivac  
  133  8:08  Supply Depot  
  133  8:09  Armory  
  133  8:17  Marine  
  133  8:18  Marine x3  
  136  8:21  Siege Tank, Marine  
  137  8:28  Marine  
  137  8:29  SCV x2  
  137  8:33  Barracks Reactor  
  129  8:35  Marine x4  
  129  8:39  Marine  
  127  8:43  Medivac  
  127  8:46  SCV  
  127  8:48  SCV x2  
  111  8:53  Barracks Reactor, Marine x4, Siege Tank  
  117  8:57  Marine  
  117  8:58  SCV  
  117  9:00  SCV x2  
  121  9:09  Sensor Tower  
  121  9:10  SCV  
  121  9:11  Marine x2  
  121  9:12  Marine, SCV x2  
  121  9:14  Marine x2  
  121  9:15  Marine  
  121  9:16  Marine  
  131  9:22  SCV  
  132  9:24  SCV x2  
  132  9:26  Missile Turret, Supply Depot  
  132  9:29  Marine x2  
  132  9:30  Marine x3  
  139  9:34  SCV  
  139  9:37  Siege Tank  
  143  9:42  Marine  
  143  9:45  Command Center  
  144  9:47  Marine x2  
  144  9:48  Marine x2  
  144  9:49  Medivac  
  149  9:55  Medivac  
  149  9:56  Marine x2  
  149  9:58  Marine  
  144  10:00  Marine  
  144  10:04  Marine, Supply Depot  
  145  10:08  Missile Turret  
  145  10:09  Factory  
  145  10:10  Marine x3  
  145  10:11  Siege Tank  
  144  10:14  Marine x2  
  144  10:21  Barracks Reactor  
Tags
 
Add a new tag
Caveats
  • Supply blocks, unpowered buildings, or Contaminate may cause inaccurate times.
  • Supply counts are checked every 10 seconds.